 Dungeon Crawl Stone Soup version 0.20.0-10-g0535bb4 (webtiles) character file.

5413 Reinor the Thaumaturge (level 10, -2/49 HPs)
             Began as a Spriggan Earth Elementalist on June 5, 2017.
             Was a Follower of Vehumet.
             Slain by a hornet (16 damage)
             ... while paralysed by a hornet
             ... on level 10 of the Dungeon.
             The game lasted 00:50:11 (11725 turns).

Reinor the Thaumaturge (SpEE)                      Turns: 11725, Time: 00:50:12

Health: -2/49      AC:  3    Str:  4    XL:     10   Next: 40%
Magic:  22/25      EV:  4    Int: 23    God:    Vehumet [*.....]
Gold:   414        SH:  0    Dex: 18    Spells: 8/30 levels left

rFire    . . .     SeeInvis +   s - +2 blowgun
rCold    . . .     Gourm    .   (shield restricted)
rNeg     . . .     Faith    .   c - +1 robe
rPois    .         Spirit   .   (helmet restricted)
rElec    .         Reflect  .   (no cloak)
rCorr    .         Harm     .   (gloves unavailable)
MR       +....                  (boots unavailable)
Stlth    +++.......             (no amulet)
Regen    0.2/turn               x - ring of protection from magic
MPRegen  0.2/turn               M - ring of Beukhaosch {Wiz MR- Int+4}

@: paralysed, lethally poisoned (-2 -> -19), very quick
A: unfitting armour, see invisible, herbivore 3, speed 3, slow metabolism 2
a: Renounce Religion


You were on level 10 of the Dungeon.
You worshipped Vehumet.
Vehumet was aware of your devotion.
You were hungry.

You visited 2 branches of the dungeon, and saw 11 of its levels.
You also visited: Ossuary.

You collected 583 gold pieces.
You spent 169 gold pieces at shops.

Inventory:

Hand Weapons
 s - a +2 blowgun (weapon)
Missiles
 b - 103 stones
 r - 23 poisoned needles (quivered)
Armour
 c - a +1 robe (worn)
Jewellery
 x - a ring of protection from magic (left hand)
 y - an uncursed ring of positive energy
 M - the ring of Beukhaosch (right hand) {Wiz MR- Int+4}
   (You found it on level 7 of the Dungeon)

   [ring of wizardry]

   It improves your spell success rate.
   It affects your intelligence (+4).
   It affects your resistance to hostile enchantments.
Wands
 f - a wand of confusion (41/48)
 n - a wand of random effects (34/48)
 w - a wand of confusion (3/48)
 I - a wand of scattershot (4/9)
Scrolls
 e - a scroll of acquirement {unknown}
 m - 4 scrolls of teleportation
 B - a scroll of recharging
 C - 7 scrolls of remove curse
 D - a scroll of identify
 F - a scroll of amnesia {unknown}
 G - a scroll of random uselessness {unknown}
 H - a scroll of magic mapping {unknown}
 J - 2 scrolls of enchant armour
Potions
 a - 2 potions of magic
 h - 8 potions of heal wounds
 i - 10 potions of curing
 j - 3 potions of brilliance
 l - 4 potions of ambrosia
 o - a potion of berserk rage {unknown}
 p - 4 potions of degeneration {unknown}
 q - 2 potions of invisibility {unknown}
 t - 5 potions of lignification {unknown}
 z - 2 potions of resistance {unknown}
 A - 3 potions of agility {unknown}
 E - a potion of cancellation {unknown}
 K - a potion of flight {unknown}
 L - 3 potions of might
Books
 g - a book of Minor Magic

   Spells                             Type                      Level
   a - Magic Dart                     Conjuration                  1
   b - Blink                          Translocation                2
   c - Call Imp                       Summoning                    2
   d - Slow                           Hexes                        2
   e - Conjure Flame                  Conjuration/Fire             3
   f - Mephitic Cloud                 Conjuration/Poison/Air       3
 u - a book of Misfortune

   Spells                             Type                      Level
   a - Confusing Touch                Hexes                        1
   b - Confuse                        Hexes                        3
   c - Gell's Gravitas                Translocation                3
   d - Petrify                        Transmutation/Earth          4
   e - Metabolic Englaciation         Hexes/Ice                    5
   f - Yara's Violent Unravelling     Hexes/Transmutation          5
 N - a book of Clouds

   Spells                             Type                      Level
   a - Poisonous Vapours              Poison/Air                   2
   b - Mephitic Cloud                 Conjuration/Poison/Air       3
   c - Conjure Flame                  Conjuration/Fire             3
   d - Freezing Cloud                 Conjuration/Ice/Air          6
   e - Ring of Flames                 Charms/Fire                  7
Comestibles
 d - 8 bread rations
 k - 4 royal jellies
 v - 16 fruits


   Skills:
 - Level 3.2 Fighting
 - Level 8.1 Dodging
 - Level 3.4 Stealth
 + Level 10.5 Spellcasting
 + Level 3.8 Conjurations
 - Level 4.0 Translocations
 + Level 4.2 Transmutations
 + Level 8.4 Earth Magic


You had 8 spell levels left.
You knew the following spells:

 Your Spells              Type           Power        Failure   Level  Hunger
a - Sandblast             Erth           ######       1%          1    None
b - Passwall              Tmut/Erth      #####.....   1%          2    None
c - Stone Arrow           Conj/Erth      #####.       1%          3    None
d - Petrify               Tmut/Erth      #####...     1%          4    #......
e - Lee's Rapid Deconstr  Erth           ######....   1%          5    ####...
f - Blink                 Tloc           N/A          1%          2    None
g - Yara's Violent Unrav  Hex/Tmut       ###.......   24%         5    ####...


Dungeon Overview and Level Annotations

Branches:
Dungeon (10/15)            Temple (1/1) D:7
   Lair: D:8-11         Orc: D:9-12

Altars:
Cheibriados
Dithmenos
Fedhas
Gozag
Hepliaklqana
Kikubaaqudgha
Makhleb
Nemelex Xobeh
Okawaru
Qazlal
Ru
Sif Muna
Trog
Uskayaw
Vehumet
Xom
Yredelemnul
Zin
The Shining One

Shops:
D:5 [   D:6 [   D:9 *


Innate Abilities, Weirdness & Mutations

You are very small and have problems with some larger weapons.
You are too small for most types of armour.
You have supernaturally acute eyesight. (SInv)
You are a herbivore.
You cover ground extremely quickly.
You need consume almost no food.


Message History

Aim: a hornet (lightly wounded)
The blast of sand misses the hornet.
b - 104 stones The hornet completely misses you. x2
Casting: Sandblast
Confirm with . or Enter, or press ? or * to list all spells.
Aiming: Sandblast
Press: ? - help, Shift-Dir - straight line, f/p - hornet
Aim: a hornet (lightly wounded)
The blast of sand misses the hornet.
b - 103 stones The hornet stings you!!
You are poisoned.
You suddenly lose the ability to move!
You feel sick. The hornet stings you!
You are lethally poisoned!
You shrug off the repeated paralysis!
The hornet completely misses you.
* * * LOW HITPOINT WARNING * * *
You feel sick. The hornet stings you!
You die...

#...#########
#.>.#...#...####
#...............
#...............
#..†.<........#
#.............#
####.........##
#####...#.....##
#....@.T...##...
####..y.........
##.....#.....
#.##........
#..##......#.
...###(......#
.... (....####
..... ..#..#
..... ......#


You could see a troll and a hornet.

Vanquished Creatures
  The ghost of Dwachs the Thaumaturge, a novice DECj of Vehumet (D:9)
  Prince Ribbit (D:6)
  A hornet (D:8)
  A hippogriff (D:7)
  A spriggan (D:9)
  A vampire (D:9)
  2 steam dragons (D:6)
  2 water moccasins (D:6)
  2 sky beasts
  3 ice beasts (D:8)
  A necrophage (D:9)
  2 phantoms
  2 ogres
  3 centaurs
  6 bullfrogs
  3 scorpions
  A killer bee (D:7)
  5 wights (D:7)
  8 howler monkeys
  4 crimson imps
  3 centaur zombies
  2 quasits (D:6)
  3 hounds
  2 jellies
  2 orc priests
  3 bullfrog skeletons
  A centaur skeleton (D:8)
  2 iguanas
  2 orc wizards
  4 worker ants
  3 big kobold zombies (Ossuary)
  3 mummies (Ossuary)
  A howler monkey zombie (D:9)
  4 gnolls (D:9)
  7 river rats (D:8)
  11 adders
  2 adder skeletons (D:4)
  3 worms
  4 dart slugs
  7 leopard geckos
  15 orcs
  7 bats
  9 giant cockroaches
  4 goblins
  9 hobgoblins
  13 jackals
  12 quokkas
  3 ball pythons
  5 frilled lizards
  A gnoll zombie (Ossuary)
  A goblin zombie (Ossuary)
  A hobgoblin zombie (Ossuary)
  6 kobolds
  A quokka zombie (D:7)
  21 rats
227 creatures vanquished.

Notes
Turn   | Place    | Note
-------+----------+-------------------------------------------
     0 | D:1      | Reinor the Spriggan Earth Elementalist began the quest for the Orb.
     0 | D:1      | Reached XP level 1. HP: 9/9 MP: 5/5
   288 | D:1      | Reached XP level 2. HP: 13/13 MP: 4/6
   292 | D:1      | Learned a level 2 spell: Passwall
   528 | D:1      | Reached skill level 3 in Spellcasting
   881 | D:2      | Reached XP level 3. HP: 7/16 MP: 2/8
  2054 | D:2      | Reached XP level 4. HP: 19/21 MP: 2/10
  2214 | D:2      | Found a glowing golden altar of the Shining One.
  3010 | D:3      | Learned a level 3 spell: Stone Arrow
  3015 | D:3      | Reached skill level 4 in Spellcasting
  3074 | D:3      | Reached XP level 5. HP: 21/24 MP: 9/12
  3092 | D:3      | Learned a level 4 spell: Petrify
  3313 | D:4      | Found a sacrificial altar of Ru.
  3513 | D:4      | Noticed a phantom
  3538 | D:4      | Killed a phantom
  3538 | D:4      | Reached skill level 5 in Dodging
  3538 | D:4      | Reached XP level 6. HP: 26/28 MP: 1/14
  3570 | D:4      | Reached skill level 5 in Spellcasting
  4229 | D:4      | Learned a level 5 spell: Lee's Rapid Deconstruction
  4298 | D:5      | Entered Level 5 of the Dungeon
  4442 | D:5      | Noticed a sky beast
  4479 | D:5      | Killed a sky beast
  4654 | D:5      | Found Vonaum's Armour Shop.
  4978 | D:5      | Reached skill level 5 in Earth Magic
  4978 | D:5      | Reached XP level 7. HP: 20/32 MP: 14/16
  5164 | D:5      | Found a blossoming altar of Fedhas.
  5288 | D:5      | Found a stormy altar of Qazlal.
  5695 | D:6      | Reached skill level 6 in Spellcasting
  5971 | D:6      | Found Edawael's Armour Shoppe.
  5990 | D:6      | Noticed Prince Ribbit
  6026 | D:6      | Killed Prince Ribbit
  6205 | D:6      | Learned a level 2 spell: Blink
  6214 | D:6      | Reached XP level 8. HP: 36/36 MP: 14/19
  6290 | D:6      | Reached skill level 7 in Spellcasting
  6339 | D:6      | Reached skill level 1 in Conjurations
  6637 | D:6      | You fall through a shaft for 2 floors!
  7088 | D:8      | Reached skill level 8 in Spellcasting
  7097 | D:8      | Reached XP level 9. HP: 17/39 MP: 12/22
  7132 | D:8      | Found a sand-covered staircase.
  7169 | Ossuary  | Entered an ossuary
  8017 | D:8      | Reached skill level 1 in Fighting
  8042 | D:8      | Found a shadowy altar of Dithmenos.
  8604 | D:7      | Reached skill level 9 in Spellcasting
  8902 | D:7      | Found a hide-covered altar of Uskayaw.
  8989 | D:7      | Found a staircase to the Ecumenical Temple.
  9011 | Temple   | Entered the Ecumenical Temple
  9021 | Temple   | Became a worshipper of Vehumet
  9060 | D:7      | Got a bound marble ring
  9367 | D:6      | Found a burning altar of Makhleb.
  9372 | D:6      | Found an opulent altar of Gozag.
  9372 | D:6      | Found an iron altar of Okawaru.
  9724 | D:9      | Identified the ring of Beukhaosch {Wiz MR- Int+4} (You found it on level 7 of the Dungeon)
  9732 | D:9      | Reached * piety under Vehumet
  9732 | D:9      | Offered knowledge of Shock by Vehumet.
  9736 | D:9      | Found Buir's General Store.
  9756 | D:9      | Bought a royal jelly for 26 gold pieces
  9756 | D:9      | Bought a royal jelly for 26 gold pieces
  9756 | D:9      | Bought 2 fruits for 39 gold pieces
  9756 | D:9      | Bought a royal jelly for 26 gold pieces
  9756 | D:9      | Bought a potion of might for 52 gold pieces
  9762 | D:9      | Learned a level 5 spell: Yara's Violent Unravelling
  9803 | D:9      | Reached XP level 10. HP: 45/49 MP: 22/24
  9841 | D:9      | Noticed Dwachs's ghost (novice DECj)
  9859 | D:9      | Reached skill level 10 in Spellcasting
 10906 | D:9      | Found a shimmering altar of Xom.
 10907 | D:9      | Found a hazy altar of Hepliaklqana.
 10908 | D:9      | Noticed an unseen horror
 10908 | D:9      | Noticed an unseen horror
 11239 | D:9      | Found a sparkling altar of Nemelex Xobeh.
 11291 | D:9      | Found a shadowy altar of Dithmenos.
 11535 | D:9      | Killed Dwachs's ghost
 11662 | D:10     | Entered Level 10 of the Dungeon
 11723 | D:10     | Paralysed by a hornet for 3 turns
 11725 | D:10     | Slain by a hornet

Skill      XL: |  1  2  3  4  5  6  7  8  9 10 |
---------------+-------------------------------+-----
Earth Magic    | 3 4 5 6 8 |  8.4
Spellcasting   | 3 4 5 6 8 9 10 | 10.5
Dodging        | 4 5 6 8 |  8.1
Translocations | 4 |  4.0
Conjurations   | 2 3 |  3.8
Fighting       | 3 |  3.2
Transmutations | 4 |  4.2
Stealth        | |  3.4

Action                   |  1- 3 |  4- 6 |  7- 9 | 10-12 || total
-------------------------+-------+-------+-------+-------++-------
Melee: Unarmed           |    77 |     4 |       |       ||    81
 Fire: Blowgun           |       |   109 |   152 |    24 ||   285
 Cast: Sandblast         |    53 |    51 |   186 |    45 ||   335
       Passwall          |       |       |     5 |     1 ||     6
       Stone Arrow       |       |       |       |    12 ||    12
Evoke: Wand              |       |       |       |     3 ||     3
  Use: Scroll            |     3 |    10 |     3 |     1 ||    17
       Potion            |       |       |       |     1 ||     1
 Stab: Sleeping          |     2 |     1 |       |       ||     3
  Eat: Royal jelly       |       |       |     2 |     1 ||     3
Armor: Robe              |    14 |     5 |    10 |     2 ||    31
Dodge: Dodged            |    83 |    63 |   224 |    32 ||   402
